[ AOE2 MATCH · #506197053 ]
UnrankedVikings vs Saracens
Player's team · LOSS
Rival team · WIN
[ REPLAY ANALYSIS · EXTRACTED FROM THE RECORDED GAME ]
Feudal
—
Castle
—
Imperial
—
| APM avg | 42.6 |
| APM peak | 78 |
| eAPM avg | 21.9 |
| Villagers / military | 35 / 0 |
Focus
⚔️ 47.2% · 🌾 52.8%
Feudal
—
Castle
—
Imperial
—
| APM avg | 42.2 |
| APM peak | 89 |
| eAPM avg | 26.2 |
| Villagers / military | 38 / 0 |
Focus
⚔️ 23.5% · 🌾 76.5%
Match map
Initial resources + every placement click. Lines = walls · curves = elevation contours. ◆ gold · ⬟ stone · ● berries · ✦ relic · ◌ wall gap
Your base
MatzeAoE's base
Smoothed initial terrain · ◌ = detected wall gap · hover for details
Inputs per minute
— ask - - MatzeAoE
Build order — ask
41 actions detected in the replay
| 0:01 | Queue | Villager (Male) |
| 0:02 | Research | Loom |
| 0:03 | Build | House |
| 0:21 | Queue | Villager (Male) |
| 0:21 | Queue | Villager (Male) |
| 0:21 | Queue | Villager (Male) |
| 0:21 | Queue | Villager (Male) |
| 2:09 | Queue | Villager (Male) |
| 2:09 | Queue | Villager (Male) |
| 2:15 | Build | House |
| 2:54 | Queue | Villager (Male) |
| 2:54 | Queue | Villager (Male) |
| 3:27 | Queue | Villager (Male) |
| 3:27 | Queue | Villager (Male) |
| 4:04 | Queue | Villager (Male) |
| 4:04 | Queue | Villager (Male) |
| 4:22 | Queue | Villager (Male) |
| 4:22 | Queue | Villager (Male) |
| 4:54 | Queue | Villager (Male) |
| 4:54 | Queue | Villager (Male) |
| 5:21 | Queue | Villager (Male) |
| 5:25 | Build | House |
| 5:45 | Queue | Villager (Male) |
| 6:07 | Queue | Villager (Male) |
| 6:08 | Queue | Villager (Male) |
| 6:29 | Queue | Villager (Male) |
| 6:29 | Queue | Villager (Male) |
| 6:52 | Queue | Villager (Male) |
| 6:52 | Queue | Villager (Male) |
| 7:15 | Queue | Villager (Male) |
| 7:16 | Queue | Villager (Male) |
| 7:20 | Build | House |
| 7:22 | Build | Lumber Camp |
| 7:45 | Queue | Villager (Male) |
| 7:46 | Queue | Villager (Male) |
| 8:15 | Queue | Villager (Male) |
| 8:36 | Queue | Villager (Male) |
| 8:56 | Queue | Villager (Male) |
| 9:07 | Queue | Villager (Male) |
| 9:13 | Queue | Villager (Male) |
| 9:49 | Queue | Villager (Male) |
Build order — MatzeAoE
52 actions detected in the replay
| 0:01 | Queue | Villager (Male) |
| 0:01 | Queue | Villager (Male) |
| 0:02 | Build | House |
| 0:04 | Build | House |
| 0:19 | Queue | Villager (Male) |
| 0:31 | Queue | Villager (Male) |
| 0:55 | Build | Palisade Wall |
| 1:04 | Build | House |
| 1:33 | Queue | Villager (Male) |
| 1:33 | Queue | Villager (Male) |
| 1:50 | Queue | Villager (Male) |
| 1:51 | Queue | Villager (Male) |
| 2:26 | Queue | Villager (Male) |
| 2:26 | Queue | Villager (Male) |
| 2:41 | Queue | Villager (Male) |
| 2:41 | Queue | Villager (Male) |
| 3:11 | Queue | Villager (Male) |
| 3:30 | Research | Loom |
| 3:51 | Queue | Villager (Male) |
| 4:30 | Queue | Villager (Male) |
| 4:30 | Queue | Villager (Male) |
| 4:31 | Queue | Villager (Male) |
| 4:49 | Build | Palisade Wall |
| 4:50 | Queue | Villager (Male) |
| 4:50 | Queue | Villager (Male) |
| 5:00 | Queue | Villager (Male) |
| 5:00 | Queue | Villager (Male) |
| 5:21 | Queue | Villager (Male) |
| 5:21 | Queue | Villager (Male) |
| 5:33 | Build | Lumber Camp |
| 6:07 | Queue | Villager (Male) |
| 6:12 | Queue | Villager (Male) |
| 6:35 | Build | House |
| 7:00 | Queue | Villager (Male) |
| 7:13 | Queue | Villager (Male) |
| 7:25 | Queue | Villager (Male) |
| 7:52 | Queue | Villager (Male) |
| 7:58 | Build | Mill |
| 8:00 | Queue | Villager (Male) |
| 8:16 | Queue | Villager (Male) |
| 8:28 | Build | House |
| 8:33 | Queue | Villager (Male) |
| 8:43 | Queue | Villager (Male) |
| 8:55 | Build | House |
| 8:57 | Build | Palisade Wall |
| 9:05 | Queue | Villager (Male) |
| 9:32 | Build | Palisade Wall |
| 9:53 | Queue | Villager (Male) |
| 9:55 | Queue | Villager (Male) |
| 9:59 | Queue | Villager (Male) |
| 10:13 | Build | House |
| 10:18 | Queue | Villager (Male) |
Match timeline
| 0:55 | MatzeAoE · wall_segment Palisade Wall x9 |
| 4:49 | MatzeAoE · wall_segment Palisade Wall x6 |
| 8:57 | MatzeAoE · wall_segment Palisade Wall x1 |
| 9:32 | MatzeAoE · wall_segment Palisade Wall x1 |
| 10:22 | ask · resign |
[ AI ANALYSIS · 1 CREDIT ]
What really happened in this match?
Wolo.gg analyzes every decision: build order, eco, micro, common mistakes by bracket. Personalized analysis on WhatsApp or Discord in 30 seconds.
Civ guide
Vikings
Perfil
Jugador #4450310